 Dungeon Crawl Stone Soup version 0.30.0-29-ga12c61a403 (webtiles) character file.

Game seed: 5797062946940727078

40818 monsoonserge the Blocker (level 13, -1/99 HPs)
             Began as a Demonspawn Monk on June 7, 2023.
             Was a High Priest of Nemelex Xobeh.
             Slain by a titanic slime creature (42 damage)
             ... on level 12 of the Dungeon.
             The game lasted 01:21:01 (15866 turns).

monsoonserge the Blocker (Demonspawn Monk)         Turns: 15866, Time: 01:21:02

Health: -1/99      AC: 21    Str: 14    XL:     13   Next: 76%
Magic:  21/21      EV: 17    Int: 11    God:    Nemelex Xobeh [*****.]
Gold:   896        SH: 15    Dex: 19    Spells: 11/16 levels left

rFire   . . .        o - +5 dagger (freeze)
rCold   + . .        y - +2 kite shield {rN+}
rNeg    + . .        r - +5 robe of Night {Dark Will+ SInv}
rPois   .            (helmet unavailable)
rElec   .            E - +2 cloak {rC+}
rCorr   .            (no gloves)
SInv    +            n - +2 pair of boots
Will    +....        U - amulet of faith
Stlth   +++          Z - +4 ring of slaying
HPRegen 0.36/turn    V - +4 ring of protection
MPRegen 0.17/turn

%: faith
@: no status effects
A: antennae 3, molten scales 2, foul stench 2, powered by pain 1
a: Renounce Religion, Draw Escape, Draw Destruction, Draw Summoning, Triple
Draw, Deal Four, Stack Five


You were on level 12 of the Dungeon.
You worshipped Nemelex Xobeh.
Nemelex Xobeh was extremely pleased with you.
You visited 2 branches of the dungeon, and saw 15 of its levels.
You also visited: Ice Cave.

You collected 973 gold pieces.
You spent 77 gold pieces at shops.

Inventory:

Hand Weapons
 o - a +5 dagger of freezing (weapon)
Missiles
 j - 26 poisoned darts (quivered)
 B - 3 javelins
 F - 2 silver javelins
 G - 13 boomerangs
 S - 4 curare-tipped darts
Armour
 g - a +1 scale mail of cold resistance
 h - a +2 cloak of preservation
 n - a +2 pair of boots (worn)
 r - the +5 robe of Night (worn) {Dark Will+ SInv}
   (You found it on level 10 of the Dungeon)

   Dark:      It shrouds the wearer in darkness, reducing the range at which
   they can see and be seen by others.
   SInv:      It lets you see invisible.
   Will:      It increases your willpower.
 x - a +2 robe of positive energy
 y - a +2 kite shield of positive energy (worn)
 E - a +2 cloak of cold resistance (worn)
 W - the +0 chain mail "Urchoufosh" {rElec rPois Int+3}
   (You found it on level 8 of the Dungeon)

   Int:       It affects your intelligence (+3).
   rElec:     It insulates you from electricity.
   rPois:     It protects you from poison.
Magical Staves
 t - a staff of conjuration
 Q - a staff of earth
Jewellery
 v - a +6 ring of strength
 D - a +5 ring of evasion
 U - an amulet of faith (around neck)
 V - a +4 ring of protection (right hand)
 Z - a +4 ring of slaying (left hand)
Wands
 w - a wand of polymorph (8)
 I - a wand of flame (58)
 M - a wand of paralysis (17)
 P - a wand of mindburst (10)
 T - a wand of roots (17)
 Y - a wand of quicksilver (2)
Scrolls
 f - 2 scrolls of blinking
 k - a scroll of poison {unknown}
 l - 3 scrolls of fog
 p - a scroll of magic mapping {unknown}
 s - 10 scrolls of teleportation
 z - 4 scrolls of fear
 A - 3 scrolls of vulnerability
 J - a scroll of enchant armour {unknown}
 K - 2 scrolls of amnesia {unknown}
 L - 3 scrolls of immolation
 O - a scroll of acquirement {unknown}
 X - a scroll of silence {unknown}
Potions
 a - a potion of berserk rage
 b - 2 potions of haste
 c - 2 potions of ambrosia
 d - a potion of brilliance {unknown}
 e - a potion of attraction
 i - a potion of resistance {unknown}
 m - 2 potions of flight
 q - 2 potions of cancellation
 u - 7 potions of curing
 C - 2 potions of heal wounds
 R - 4 potions of might


   Skills:
 + Level 8.6 Fighting
 * Level 6.7(7.2) Short Blades
 - Level 3.5(5.6) Long Blades
 + Level 2.6 Throwing
 + Level 6.3 Armour
 + Level 9.2 Dodging
 * Level 4.7 Stealth
 * Level 12.2 Shields
 - Level 2.0 Spellcasting
 * Level 3.2 Hexes
 * Level 3.1 Ice Magic
 + Level 11.5 Invocations
 + Level 2.0 Evocations


You had 11 spell levels left.
You knew the following spells:

 Your Spells              Type           Power      Damage    Failure   Level
a - Ensorcelled Hibernat  Hex/Ice        16%        N/A       24%         2
b - Confusing Touch       Hex            8%         N/A       43%         3

Your spell library contained the following spells:

 Spells                   Type           Power      Damage    Failure   Level
 Kiss of Death            Conj/Necr      4%         2d5       52%         1
 Magic Dart               Conj           4%         1d3       52%         1
 Necrotise                Necr           4%         1d4       52%         1
 Call Imp                 Summ           2%         N/A       65%         2
 Cigotuvi's Dreadful Rot  Necr/Pois/Air  2%         N/A       65%         2
 Scorch                   Fire           2%         2d5       65%         2
 Mephitic Cloud           Conj/Pois/Air  1%         N/A       87%         3
 Vampiric Draining        Necr           1%         2d6       87%         3
 Vhi's Electric Charge    Tloc/Air       2%         N/A       87%         3
 Ice Form                 Ice/Tmut       4%         N/A       97%         4
 Animate Dead             Necr           1%         N/A       99%         4
 Dispel Undead            Necr           1%         3d6       99%         4
 Flame Wave               Conj/Fire      1%         2d4       99%         4
 Metabolic Englaciation   Hex/Ice        4%         N/A       99%         5
 Agony                    Necr           1%         N/A       100%        5
 Arcjolt                  Conj/Air       0%         1d10      100%        5
 Borgnjor's Vile Clutch   Necr/Erth      0%         N/A       100%        5
 Death Channel            Necr           0%         N/A       100%        6
 Plasma Beam              Fire/Air       0%         2x1d11    100%        6
 Summon Cactus Giant      Summ           0%         N/A       100%        6
 Borgnjor's Revivificati  Necr           0%         N/A       100%        8
 Polar Vortex             Ice            4%         N/A       100%        9


Dungeon Overview and Level Annotations

Branches:
Dungeon (14/15)            Temple (1/1) D:7            Lair (0/5) D:11
    Orc (0/2) D:11          IceCv (visited)
 Vaults: D:13-14

Altars:
Ashenzari
Cheibriados
Dithmenos
Fedhas
Gozag
Hepliaklqana
Kikubaaqudgha
Makhleb
Nemelex Xobeh
Okawaru
Qazlal
Ru
Sif Muna
Trog
Uskayaw
Vehumet
Wu Jian
Xom
Yredelemnul

Shops:
D:1 (   D:3 *   D:11 *[

Portals:
Trove: D:10 (give +6 demon trident)

Annotations:
D:11 2 runed translucent doors


Innate Abilities, Weirdness & Mutations

You have a pair of large antennae on your head. (SInv)
You are mostly covered in molten scales. (AC +3)
You sometimes emit foul miasma when damaged in melee.
You sometimes gain a little power by taking damage.


Message History

You freeze the titanic slime creature.
The titanic slime creature is heavily wounded.
The titanic slime creature hits you!!!
You emit a cloud of foul miasma!
You hit the titanic slime creature but do no damage.
The titanic slime creature is heavily wounded.
The titanic slime creature is engulfed in dark miasma.
The titanic slime creature is poisoned.
You block the titanic slime creature's attack.
You puncture the titanic slime creature!
You freeze the titanic slime creature.
The titanic slime creature is severely wounded.
The titanic slime creature is engulfed in dark miasma.
The titanic slime creature looks even sicker.
The titanic slime creature hits you!!
You hit the titanic slime creature. You freeze the titanic slime creature.
The titanic slime creature is severely wounded.
You puncture the titanic slime creature!
You freeze the titanic slime creature.
The titanic slime creature is severely wounded.
The titanic slime creature is engulfed in dark miasma.
The titanic slime creature looks even sicker.
The titanic slime creature seems to slow down.
You block the titanic slime creature's attack.
You puncture the titanic slime creature!
You freeze the titanic slime creature.
The titanic slime creature is severely wounded.
The titanic slime creature is no longer moving slowly.
The titanic slime creature is engulfed in dark miasma.
The titanic slime creature seems to slow down.
You block the titanic slime creature's attack.
You puncture the titanic slime creature!
You freeze the titanic slime creature.
The titanic slime creature is severely wounded.
The titanic slime creature is no longer moving slowly.
You puncture the titanic slime creature!
You freeze the titanic slime creature.
The titanic slime creature is almost dead.
The titanic slime creature hits you!!!
You die...
Your body glows with a rainbow of weird colours and disappears.

#.# ##.#
#..## # ....
###...#####
..#
#..........
..#
##.......###
#.#
##..##...##
#J#
##..####..#
#@###..##
##.##
#.....##
##.###
##..###
##[## ####
##.. ##. #.
## # #


You could see a titanic slime creature (very poisoned).

Vanquished Creatures
  A ghost moth (IceCv)
  Snorg (D:10)
  Josephine (D:10)
  3 hydras (D:13)
  Erolcha (D:9)
  4 centaur warriors
  A catoblepas (D:13)
  6 death yaks (IceCv)
  2 two-headed ogres
  Sonja (D:10)
  A deep elf pyromancer (D:11)
  4 ugly things
  3 cyclopes
  2 manticores
  Maurice (D:10)
  An ice statue (IceCv)
  Maggie (D:10)
  3 gargoyles
  3 unseen horrors
  Psyche (D:10)
  3 komodo dragons
  A kobold demonologist (D:10)
  Prince Ribbit (D:5)
  12 polar bears (IceCv)
  4 trolls
  A hornet (D:9)
  5 dream sheep (D:10)
  Sigmund (D:5)
  5 shadows
  3 slime creatures (D:13)
  5 wraiths
  A wyvern (D:9)
  34 yaks
  6 vampire mosquitoes
  A steam dragon (D:7)
  Menkaure (D:5)
  2 acid dragons
  4 water moccasins
  2 sky beasts
  An ice beast (D:7)
  5 black bears
  13 wolves (IceCv)
  8 centaurs
  3 phantoms
  4 kobold brigands
  6 bullfrogs
  A scorpion (D:7)
  11 wights
  2 troll zombies (D:11)
  7 killer bees
  2 howler monkeys (D:12)
  A gnoll bouda (D:5)
  9 orc priests
  Crazy Yiuf (D:2)
  A hound (D:7)
  2 jellies (D:6)
  A sleepcap (D:6)
  6 iguanas
  Jessica (D:2)
  Terence (D:2)
  15 orc wizards
  6 ogre zombies (D:11)
  4 gnolls
  11 adders
  A shadow imp (D:8)
  13 white imps
  3 worms
  5 dart slugs
  34 orcs
  9 ball pythons
  5 bats
  11 endoplasms
  5 giant cockroaches
  8 goblins
  6 hobgoblins
  6 jackals
  2 quokkas (D:1)
  4 frilled lizards
  2 goblin skeletons (D:11)
  8 goblin zombies (D:11)
  A hobgoblin skeleton (D:11)
  2 hobgoblin zombies (D:11)
  14 kobolds
  2 orc skeletons (D:11)
  9 orc zombies (D:11)
  3 rats
408 creatures vanquished.

Vanquished Creatures (collateral kills)
  An ironbound frostheart (IceCv)
  A fire crab (IceCv)
  A komodo dragon (D:10)
  A yak (D:10)
4 creatures vanquished.

Vanquished Creatures (others)
  A death yak (IceCv)
  A bullfrog (D:11)
  An orc wizard (D:11)
  An orc skeleton (D:11)
4 creatures vanquished.

Grand Total: 416 creatures vanquished

Notes
Turn   | Place    | Note
-------+----------+-------------------------------------------
     0 | D:1      | monsoonserge the Demonspawn Monk began the quest for the
                  | Orb.
     0 | D:1      | Reached XP level 1. HP: 18/18 MP: 1/1
   115 | D:1      | Gained mutation: You are partially covered in molten
                  | scales. (AC +2) [demonic ancestry]
   115 | D:1      | Reached XP level 2. HP: 24/24 MP: 2/2
   348 | D:1      | Gained mutation: You have a pair of small antennae on your
                  | head. [demonic ancestry]
   348 | D:1      | Reached XP level 3. HP: 29/29 MP: 3/3
   385 | D:1      | Found Xiankeyt's Antique Weapon Shoppe.
   555 | D:2      | Reached skill level 1 in Armour
   647 | D:2      | Gained mutation: You are mostly covered in molten scales.
                  | (AC +3) [demonic ancestry]
   647 | D:2      | Reached XP level 4. HP: 25/36 MP: 4/4
   845 | D:2      | Noticed Terence
   858 | D:2      | Killed Terence
   905 | D:2      | Found a runed translucent door.
   906 | D:2      | Noticed Crazy Yiuf
  1201 | D:2      | Found a broken altar of Ashenzari.
  1205 | D:2      | Noticed Jessica
  1275 | D:2      | Killed Jessica
  1527 | D:2      | Killed Crazy Yiuf
  1528 | D:2      | Reached skill level 1 in Short Blades
  1528 | D:2      | Reached XP level 5. HP: 24/42 MP: 5/5
  1803 | D:3      | Found Doefarr's General Store.
  1825 | D:3      | Bought a scroll of fear for 44 gold pieces
  1825 | D:3      | Bought a potion of curing for 33 gold pieces
  2304 | D:4      | Gained mutation: You sometimes gain a little power by
                  | taking damage. [demonic ancestry]
  2304 | D:4      | Reached XP level 6. HP: 48/48 MP: 6/6
  2507 | D:4      | Reached skill level 1 in Stealth
  3136 | D:5      | Entered Level 5 of the Dungeon
  3253 | D:5      | Reached XP level 7. HP: 55/55 MP: 7/7
  3278 | D:5      | Noticed Menkaure
  3284 | D:5      | Killed Menkaure
  3285 | D:5      | Reached skill level 1 in Shields
  3322 | D:5      | Reached skill level 5 in Fighting
  3333 | D:5      | Noticed Sigmund
  3344 | D:5      | Killed Sigmund
  3345 | D:5      | Reached skill level 2 in Shields
  3384 | D:5      | Noticed Prince Ribbit
  3446 | D:5      | Identified the +8 whip of Broken Luck {elec, rC- Will+
                  | rCorr}
  3467 | D:5      | Reached skill level 5 in Dodging
  3528 | D:5      | Killed Prince Ribbit
  3529 | D:5      | Reached skill level 3 in Shields
  3529 | D:5      | Reached XP level 8. HP: 60/63 MP: 8/8
  3900 | D:6      | Reached skill level 1 in Throwing
  4035 | D:6      | Reached skill level 4 in Shields
  4049 | D:6      | Paralysed by a wight for 3 turns
  4052 | D:6      | Paralysed by a wight for 5 turns
  4059 | D:6      | Paralysed by a wight for 4 turns
  4411 | D:6      | Found an ancient bone altar of Kikubaaqudgha.
  4414 | D:6      | Found an iron altar of Okawaru.
  4414 | D:6      | Found a hazy altar of Hepliaklqana.
  4414 | D:6      | Found a sacrificial altar of Ru.
  4502 | D:6      | Gained mutation: You have a pair of antennae on your head.
                  | [demonic ancestry]
  4502 | D:6      | Reached XP level 9. HP: 69/69 MP: 9/9
  4659 | D:7      | Reached skill level 5 in Shields
  4823 | D:7      | Found a stormy altar of Qazlal.
  4926 | D:7      | Found a staircase to the Ecumenical Temple.
  4938 | Temple   | Entered the Ecumenical Temple
  5237 | Temple   | Became a worshipper of Nemelex Xobeh the Trickster
  5237 | Temple   | Reached * piety under Nemelex Xobeh
  5237 | Temple   | Received a gift from Nemelex Xobeh
  5237 | Temple   | Reached ** piety under Nemelex Xobeh
  5455 | D:7      | Reached skill level 1 in Invocations
  5698 | D:8      | Reached skill level 6 in Shields
  5919 | D:8      | Received a gift from Nemelex Xobeh
  6504 | D:8      | Noticed a centaur warrior
  6504 | D:8      | Noticed a centaur warrior
  6651 | D:8      | Killed a centaur warrior
  6669 | D:8      | Killed a centaur warrior
  6670 | D:8      | Gained mutation: You may rarely emit foul miasma when
                  | damaged in melee. [demonic ancestry]
  6670 | D:8      | Reached XP level 10. HP: 50/77 MP: 12/12
  6815 | D:8      | Reached skill level 7 in Shields
  6826 | D:8      | Identified the +0 chain mail "Urchoufosh" {rElec rPois
                  | Int+3}
  6909 | D:9      | Reached *** piety under Nemelex Xobeh
  7097 | D:9      | Received a gift from Nemelex Xobeh
  7100 | D:9      | Noticed a two-headed ogre
  7121 | D:9      | Killed a two-headed ogre
  7150 | D:9      | HP: 2/77 [troll (5)]
  7157 | D:9      | Reached skill level 5 in Invocations
  7506 | D:10     | Entered Level 10 of the Dungeon
  7532 | D:9      | Reached skill level 8 in Shields
  7793 | D:9      | Noticed a purple ugly thing
  7805 | D:9      | Killed a purple ugly thing
  7874 | D:9      | Received a gift from Nemelex Xobeh
  7962 | D:9      | Noticed Erolcha
  7985 | D:9      | Gained mutation: You have a pair of large antennae on your
                  | head. (SInv) [demonic ancestry]
  7985 | D:9      | Reached XP level 11. HP: 65/84 MP: 15/15
  8005 | D:9      | Killed Erolcha
  8006 | D:9      | Reached skill level 9 in Shields
  8298 | D:10     | Noticed Psyche
  8311 | D:10     | Killed Psyche
  8424 | D:10     | Found a portal to a secret trove of treasure.
  8553 | D:10     | Received a gift from Nemelex Xobeh
  8885 | D:10     | Noticed Sonja
  8889 | D:10     | Killed Sonja
  8951 | D:10     | Reached **** piety under Nemelex Xobeh
  9107 | D:10     | Received a gift from Nemelex Xobeh
  9113 | D:10     | Noticed Snorg
  9130 | D:10     | Killed Snorg
  9131 | D:10     | Reached skill level 10 in Shields
  9395 | D:10     | Noticed Maurice
  9402 | D:10     | Killed Maurice
  9403 | D:10     | Noticed Maggie
  9415 | D:10     | Killed Maggie
  9666 | D:10     | You fall into a shaft and drop 3 floors!
  9711 | D:13     | Received a gift from Nemelex Xobeh
  9746 | D:13     | Found a frozen archway.
  9879 | D:13     | Noticed a five-headed hydra
  9882 | D:13     | Noticed a centaur warrior
  9883 | D:13     | Killed a five-headed hydra
  9889 | D:13     | Noticed a centaur warrior
  9906 | IceCv    | Entered an ice cave
 10034 | IceCv    | Reached XP level 12. HP: 84/92 MP: 18/18
 10116 | IceCv    | Reached skill level 1 in Evocations
 10300 | IceCv    | Noticed a death yak
 10327 | IceCv    | Killed a death yak
 10701 | IceCv    | Reached skill level 5 in Armour
 10933 | IceCv    | Reached skill level 5 in Short Blades
 10942 | IceCv    | Reached skill level 10 in Invocations
 11273 | IceCv    | Received a gift from Nemelex Xobeh
 11486 | IceCv    | Noticed an ironbound frostheart
 11521 | IceCv    | Reached skill level 11 in Shields
 11521 | IceCv    | Noticed an ironbound frostheart
 11524 | IceCv    | an ironbound frostheart changed into a fire crab
 11528 | IceCv    | Killed an ironbound frostheart
 11801 | IceCv    | Got Gouroic's Handbook of Graupel
 11809 | IceCv    | Noticed a death yak
 11809 | IceCv    | Noticed a death yak
 11810 | IceCv    | Noticed a death yak
 11852 | IceCv    | Killed a death yak
 11852 | IceCv    | Killed a death yak
 12013 | IceCv    | Noticed a death yak
 12039 | IceCv    | a death yak changed into a ghost moth
 12039 | IceCv    | Noticed a ghost moth
 12042 | IceCv    | Killed a ghost moth
 12042 | IceCv    | Killed a death yak
 12282 | IceCv    | Noticed a death yak
 12286 | IceCv    | Noticed a death yak
 12288 | IceCv    | Noticed a death yak
 12296 | IceCv    | Identified the +0 quarterstaff of Evolution {vamp, rN+}
 12305 | IceCv    | Killed a death yak
 12319 | IceCv    | Killed a death yak
 12422 | IceCv    | Killed a death yak
 12611 | IceCv    | Got the Compilation of Corpses
 12618 | IceCv    | Identified the +2 war axe "Ocegirph" {speed, Fly MP+9
                  | Int-2}
 12964 | IceCv    | Learned a level 2 spell: Ensorcelled Hibernation
 12972 | D:13     | Killed a centaur warrior
 12973 | D:13     | Gained mutation: You sometimes emit foul miasma when
                  | damaged in melee. [demonic ancestry]
 12973 | D:13     | Reached XP level 13. HP: 61/99 MP: 21/21
 13116 | D:11     | Found a runed translucent door.
 13172 | D:11     | Found Ibo Dane's Neck Hole.
 13308 | D:10     | Reached skill level 1 in Hexes
 13322 | D:10     | Found the +5 robe of Night {Dark Will+ SInv}
 13454 | D:11     | Got the Spellbook of Charnel Frostbite
 13461 | D:11     | Reached skill level 1 in Ice Magic
 13511 | D:11     | Reached skill level 1 in Spellcasting
 13520 | D:10     | Learned a level 3 spell: Confusing Touch
 13526 | D:11     | Noticed Josephine
 13640 | D:10     | Killed Josephine
 13743 | D:11     | Received a gift from Nemelex Xobeh
 13759 | D:11     | Found a staircase to the Lair.
 13803 | D:11     | Reached ***** piety under Nemelex Xobeh
 13858 | D:11     | Found Qearuyx's Armour Emporium.
 14017 | D:11     | Found a staircase to the Orcish Mines.
 14225 | D:11     | Found a runed translucent door.
 14428 | D:12     | Received a gift from Nemelex Xobeh
 15191 | D:13     | Reached skill level 12 in Shields
 15342 | D:13     | Noticed an ironbound preserver
 15866 | D:12     | Slain by a titanic slime creature

Illustrated notes

Levels and vault maps discovered:
D:1:      scummos_arrival_forest, layout_rooms, serial_shops,
          nicolae_shop_peninsula
D:2:      layout_basic, basic_altar, uniq_crazy_yiuf_cottage, uniq_jessica,
          uniq_terence
D:3:      layout_loops_ring, serial_shops, shop
D:4:      layout_rooms, minmay_door_square
D:5:      layout_cave_pools, nicolae_grassy_gnolls, uniq_prince_ribbit1,
          uniq_menkaure, uniq_sigmund
D:6:      layout_basic, grunt_temple_overflow_open, st_stairs_8
D:7:      layout_cave_pools, nicolae_overflow_hidden_temple,
          minmay_temple_entry_glassed_door, grunt_ministairs_7
D:8:      minmay_blocky_corners, layout_basic
D:9:      layout_rooms, serial_bayou_pond_b, kennysheep_generic_room_14,
          uniq_erolcha
D:10:     layout_cave_pods, enter_trove_0, hellmonk_guarded_unrand_night,
          uniq_snorg, uniq_psyche, uniq_maurice, uniq_sonja, uniq_maggie
D:11:     cheibrodos_histonic, layout_rooms, due_lair_maze_entry_diamond,
          zombieorc2_lemuel, serial_shops, shop,
          nicolae_shop_sticking_my_neck_out, uniq_josephine
D:12:     layout_layer_cave
D:13:     minmay_skewed_foursquare, layout_basic,
          skrybe_vaults_entry_preservation, portal_ice_cave_entry_imps
D:14:     layout_gridville, nicolae_vehumet_altar_sigil
Temple:   minmay_temple_bridge_d

Skill      XL: |  1  2  3  4  5  6  7  8  9 10 11 12 13 |
---------------+----------------------------------------+-----
Long Blades    | 3 |  3.5
Dodging        | 3 4 5 6 7 8 9 |  9.2
Armour         | 1 2 3 4 6 |  6.3
Fighting       | 4 5 6 7 8 |  8.6
Short Blades   | 1 2 3 4 5 6 |  6.7
Stealth        | 1 2 3 4 |  4.7
Shields        | 3 4 6 8 10 11 12 | 12.2
Throwing       | 1 2 |  2.6
Invocations    | 3 6 8 11 | 11.5
Evocations     | 2 |  2.0
Hexes          | 3 |  3.2
Ice Magic      | 3 |  3.1
Spellcasting   | 2 |  2.0

Action                     |  1- 3 |  4- 6 |  7- 9 | 10-12 | 13-15 || total
---------------------------+-------+-------+-------+-------+-------++-------
  Melee: Falchion          |    89 |     4 |       |       |       ||    93
         Dagger            |       |   140 |       |   761 |   596 ||  1497
         Long sword        |       |    43 |   119 |       |       ||   162
         Short sword       |       |       |   203 |   268 |       ||   471
  Throw: Dart              |       |     2 |     7 |    32 |     3 ||    44
         Boomerang         |       |       |     1 |    11 |     2 ||    14
   Cast: Ensorcelled Hiber |       |       |       |       |     1 ||     1
 Invoke: Draw Destruction  |       |       |     4 |    27 |     4 ||    35
         Draw Summoning    |       |       |       |     7 |     2 ||     9
  Evoke: Wand              |       |       |       |       |     4 ||     4
    Use: Potion            |       |       |       |     4 |       ||     4
         Scroll            |       |       |       |     9 |     2 ||    11
   Stab: Sleeping          |       |     2 |     5 |       |     7 ||    14
         Distracted        |       |       |       |       |     2 ||     2
 Armour: Ring mail         |    39 |    10 |       |       |       ||    49
         Robe              |       |    39 |    81 |       |    88 ||   208
         Steam dragon scal |       |       |    52 |     7 |       ||    59
         Chain mail        |       |       |       |   288 |       ||   288
  Dodge: Dodged            |    69 |    90 |   213 |   352 |   272 ||   996
  Block: Tower shield      |       |    29 |   304 |   552 |       ||   885
         Kite shield       |       |       |       |   297 |   352 ||   649
